 Dungeon Crawl Stone Soup version 0.19.1 (webtiles) character file.

84 Alarkh the Slasher (level 4, -1/29 HPs)
             Began as a High Elf Skald on Nov 27, 2016.
             Slain by an adder (4 damage)
             ... on level 3 of the Dungeon.
             The game lasted 00:02:35 (1960 turns).

Alarkh the Slasher (High Elf Skald)                 Turns: 1960, Time: 00:02:36

Health: -1/29      AC:  5    Str: 16    XL:     4   Next: 23%
Magic:  1/9        EV: 11    Int: 16    God:
Gold:   100        SH:  0    Dex: 15    Spells: 3 memorised, 3 levels left

rFire  . . .     SeeInvis .     a - +0 falchion
rCold  . . .     Gourm    .     b - +0 leather armour
rNeg   . . .     Faith    .     (no shield)
rPois  .         Spirit   .     r - +0 helmet
rElec  .         Reflect  .     (no cloak)
rCorr  .         Harm     .     g - +0 pair of gloves
MR     .....                    (no boots)
Stlth  +.........               (no amulet)
                                (no ring)
                                o - ring of flight

@: mighty, lethally poisoned (-1 -> -7), very slightly contaminated
A: no striking features
a: Evoke Flight


You were on level 3 of the Dungeon.
You were not hungry.

You visited 1 branch of the dungeon, and saw 3 of its levels.

You collected 100 gold pieces.

Inventory:

Hand Weapons
 a - a +0 falchion (weapon)
Armour
 b - a +0 leather armour (worn)
 g - a +0 pair of gloves (worn)
 r - a +0 helmet (worn)
Jewellery
 o - a ring of flight (left hand)
Wands
 f - a wand of confusion (27/48)
Scrolls
 e - a scroll of teleportation
 k - a scroll of immolation
 l - a scroll of blinking {unknown}
 n - a scroll of amnesia
 s - a scroll of identify {unknown}
Potions
 h - a potion of degeneration {unknown}
 j - a potion of cure mutation
 p - a potion of might
 q - a potion of berserk rage {unknown}
Books
 c - a book of Battle

   Spells                             Type                      Level
   a - Infusion                       Charms                       1
   b - Shroud of Golubria             Charms/Translocation         2
   c - Song of Slaying                Charms                       2
   d - Spectral Weapon                Hexes/Charms                 3
   e - Regeneration                   Charms/Necromancy            3
Comestibles
 d - 2 bread rations
 i - a meat ration
 m - 4 chunks of flesh
 t - a beef jerky


   Skills:
 - Level 2.0 Fighting
 * Level 4.4 Long Blades
 - Level 0.8 Armour
 - Level 1.1 Dodging
 + Level 3.1 Spellcasting
 + Level 4.3 Charms


You had 3 spell levels left.
You knew the following spells:

 Your Spells              Type           Power        Failure   Level  Hunger
a - Infusion              Chrm           ###.         4%          1    #......
b - Shroud of Golubria    Chrm/Tloc      #.........   17%         2    ##.....
z - Regeneration          Chrm/Necr      #.........   34%         3    ###....


Dungeon Overview and Level Annotations

Branches:
Dungeon (3/15)

Altars:


Message History

You miss the adder.
The adder is lightly wounded.
The adder bites you.
* * * LOW HITPOINT WARNING * * *
You are more poisoned.
The adder poisons you! The kobold hits you but does no damage.
The adder bites you.
* * * LOW HITPOINT WARNING * * *
You closely miss the adder.
The adder is lightly wounded.
* * * LOW HITPOINT WARNING * * *
You feel sick. The kobold hits you but does no damage.
The adder closely misses you.
It was a potion of cure mutation.
It has a very clean taste.
* * * LOW HITPOINT WARNING * * *
You feel sick. The kobold hits you but does no damage. The adder misses you.
It was a potion of might.
You feel very mighty all of a sudden. The adder bites you.
You die...

#.##
###.......#
#.#
#......#
#รท#
#......#
#.#
#......#
#.# #.....#
#.# #.....#
^.# #.....#
..# #.K...#
.## ##@...#
. #S...# .
#....# .
!....# .
##....# #
#....#
#....#
#....#


You could see an adder and a kobold.

Vanquished Creatures
  4 adders
  A dart slug (D:1)
  An orc (D:3)
  3 giant cockroaches
  4 goblins (D:1)
  4 hobgoblins
  2 jackals (D:2)
  8 bats
  7 frilled lizards
  8 kobolds
  7 rats
49 creatures vanquished.

Notes
Turn   | Place    | Note
-------+----------+-------------------------------------------
     0 | D:1      | Alarkh the High Elf Skald began the quest for the Orb.
     0 | D:1      | Reached XP level 1. HP: 14/14 MP: 4/4
   282 | D:1      | Reached XP level 2. HP: 12/19 MP: 1/6
  1104 | D:2      | Reached XP level 3. HP: 24/24 MP: 4/7
  1488 | D:2      | Learned a level 2 spell: Shroud of Golubria
  1492 | D:2      | Learned a level 3 spell: Regeneration
  1674 | D:2      | Reached XP level 4. HP: 28/29 MP: 5/9
  1960 | D:3      | Slain by an adder

Skill      XL: |  1  2  3  4 |
---------------+-------------+-----
Long Blades    | 3 4 |  4.4
Charms         | 4 |  4.3
Spellcasting   | 3 |  3.1
Fighting       | |  2.0
Armour         | |  0.8
Dodging        | |  1.1

Action                   |  1- 3 |  4- 6 || total
-------------------------+-------+-------++-------
Melee: Falchion          |    90 |    25 ||   115
 Cast: Infusion          |    23 |     6 ||    29
       Regeneration      |     1 |     1 ||     2
  Use: Scroll            |       |     4 ||     4
       Potion            |       |     2 ||     2
 Stab: Sleeping          |     1 |       ||     1
  Eat: Chunk             |     3 |     1 ||     4
Armor: Leather armour    |    39 |    10 ||    49
Dodge: Dodged            |    59 |    16 ||    75
       Rpst.: Falchion   |    19 |     5 ||    24
